 Dungeon Crawl Stone Soup version 0.31-a0-193-gdfe2569204 (webtiles) character file.

Game seed: 16828971952477227085

462 qw the Skirmisher (level 6, -1/35 HPs)
             Began as a Deep Elf Hunter on June 23, 2023.
             Engulfed by a cloud of poison gas (12 damage)
             ... on level 4 of the Dungeon.
             The game lasted 00:01:20 (2950 turns).

qw the Skirmisher (Deep Elf Hunter)                 Turns: 2950, Time: 00:01:21

Health: -1/35      AC:  5    Str: 10    XL:     6   Next: 79%
Magic:  8/8        EV: 16    Int: 14    God:
Gold:   217        SH:  0    Dex: 18    Spells: 5/5 levels left

rFire   . . .        Y - +1 shortbow (freeze)
rCold   . . .        (shield currently unavailable)
rNeg    . . .        g - +0 ring mail
rPois   .            (no helmet)
rElec   .            (no cloak)
rCorr   .            (no gloves)
SInv    .            (no boots)
Will    .....        (no amulet)
Stlth   +            b - +5 ring of evasion
HPRegen 0.25/turn    (no ring)
MPRegen 0.11/turn

%: no passive effects
@: lethally poisoned (-1 -> -26), weak-willed, on berserk cooldown, slowed, very
slow
A: no striking features
a: no special abilities


You were on level 4 of the Dungeon.
You visited 1 branch of the dungeon, and saw 4 of its levels.

You collected 217 gold pieces.


   Skills:
 - Level 2.0 Fighting
 + Level 10.2 Ranged Weapons
 - Level 3.3 Dodging
 - Level 1.2 Stealth


You had 5 spell levels left.
You didn't know any spells.
Your spell library was empty.

Inventory:

Hand Weapons
 Y - a +1 shortbow of freezing (weapon)
Armour
 g - a +0 ring mail (worn)
Jewellery
 b - a +5 ring of evasion (left hand)
Scrolls
 a - a scroll of poison
 m - a scroll of fog
Potions
 c - 3 potions of berserk rage
 d - 3 potions of curing
 e - a potion of cancellation {unknown}
 h - a potion of brilliance {unknown}
 i - a potion of resistance
 l - a potion of degeneration {unknown}

Dungeon Overview and Level Annotations

Branches:
Dungeon (4/15)
 Temple: D:4-7

Altars:
Dithmenos
Yredelemnul


Message History

As you read the scroll labelled ESUSIS ZYIGG, it crumbles to dust.
It is a scroll of brand weapon.
Your +1 shortbow is covered with a thin layer of ice!
Y - a +1 shortbow of freezing (weapon)
Done exploring.
2942 ||| READING scroll labelled KACYCRO QIAN.
As you read the scroll labelled KACYCRO QIAN, it crumbles to dust.
Magic quickly surges around you.
It was a scroll of vulnerability.
Done exploring.
2943 ||| READING 2 scrolls labelled JUONUN XAZEMM.
As you read the scroll labelled JUONUN XAZEMM, it dissolves into smoke.
It was a scroll of fog.
Done exploring.
2944 ||| DRINKING 4 black potions.
It was a potion of berserk rage.
A red film seems to cover your vision as you go berserk!
You feel yourself moving faster!
You feel mighty!
Really walk into that cloud of poison gas?
You feel a strong urge to attack something.
You are engulfed in poison gas.
You are poisoned.
You feel sick.
You are engulfed in poison gas.
You are more poisoned.
You feel very sick.
You feel your anger nearly subside.
You are engulfed in poison gas.
You are lethally poisoned!
You feel extremely sick.
You are engulfed in poison gas.
You are more poisoned.
You are no longer berserk.
You are exhausted.
You feel yourself slow down.
You feel extremely sick.
2949 ||| DRINKING 4 potions of curing.
You feel better.
2949 ||| (to cure poison)
You are engulfed in poison gas.
You are poisoned.
You feel very sick.
You're standing in a cloud of poison gas!
You are engulfed in poison gas.
You are lethally poisoned!
You die...

.....#######...........##...)....
.......# #######.....##....#...
.......# ###.....##.#####.#
.......# #.......##.......#
.......# #.##.))#####..####
...<...# #¤##.#%#####..#...
%####### #¤##.#.)...#..#.#. .###
#0##.#...#.#..#.#. ...#
#@##.##..#....).#. ...#
#¤##.....########. ...#
#.###....# #. #### #0###.#### #.
#¤¤...# ## #######


There were no monsters in sight!

Vanquished Creatures
  Sigmund (D:3)
  A howler monkey (D:4)
  2 hounds (D:4)
  An orc priest (D:4)
  Ijyb (D:4)
  3 gnolls (D:4)
  2 adders
  A worm (D:3)
  2 dart slugs
  4 orcs (D:4)
  8 ball pythons
  5 bats
  4 endoplasms
  3 giant cockroaches
  12 goblins
  11 hobgoblins
  7 jackals
  3 quokkas
  6 frilled lizards
  8 kobolds
  7 rats
92 creatures vanquished.

Notes
Turn   | Place    | Note
-------+----------+-------------------------------------------
     0 | D:1      | qw the Deep Elf Hunter began the quest for the Orb.
     0 | D:1      | Reached XP level 1. HP: 12/12 MP: 3/3
     0 | D:1      | 0 ||| qw: Version: 0.3-a-9-g12657ce
     0 | D:1      | 0 ||| qw: Game counter: 4607
     0 | D:1      | 0 ||| qw: Always use a shield: true
     0 | D:1      | 0 ||| qw: God list: Okawaru
     0 | D:1      | 0 ||| qw: Allow faded altars: false
     0 | D:1      | 0 ||| qw: Do Orc after D:15 true
     0 | D:1      | 0 ||| qw: Do second Lair branch before Depths: true
     0 | D:1      | 0 ||| qw: Lair rune preference: random
     0 | D:1      | 0 ||| qw: Plans: Normal
     0 | D:1      | 0 ||| PLANNING D:1-11
   108 | D:1      | Reached skill level 6 in Ranged Weapons
   108 | D:1      | Reached XP level 2. HP: 16/16 MP: 4/4
   335 | D:1      | Reached XP level 3. HP: 20/20 MP: 5/5
   412 | D:1      | Found a faded altar of an unknown god.
   526 | D:1      | 526 ||| READING scroll labelled WOMUOX EBRER.
   527 | D:1      | 527 ||| DRINKING 2 smoky red potions.
   528 | D:1      | 528 ||| DROPPING scroll of butterflies.
   582 | D:2      | 582 ||| FLEEEEING.
   605 | D:2      | HP: 5/20 [adder (2)]
   706 | D:2      | Reached skill level 7 in Ranged Weapons
   710 | D:2      | 710 ||| STAIRDANCE
   716 | D:1      | 716 ||| DRINKING 2 viscous amethyst potions.
   765 | D:1      | 765 ||| DROPPING potion of lignification.
   785 | D:2      | Found a shadowy altar of Dithmenos.
   860 | D:2      | 860 ||| FLEEEEING.
   866 | D:2      | 866 ||| STAIRDANCE
   883 | D:1      | 883 ||| READING scroll labelled TUOTWE JOMIYSIO.
  1253 | D:2      | 1253 ||| UPGRADING to +5 ring of evasion.
  1254 | D:2      | 1254 ||| READING scroll labelled FIXYNY XONGI.
  1302 | D:3      | Reached XP level 4. HP: 25/25 MP: 6/6
  1589 | D:3      | Found a basalt altar of Yredelemnul.
  1685 | D:3      | Noticed Sigmund
  1688 | D:3      | 1688 ||| FLEEEEING.
  1690 | D:3      | 1690 ||| FLEEEEING.
  1691 | D:3      | 1691 ||| FLEEEEING.
  1692 | D:3      | 1692 ||| FLEEEEING.
  1693 | D:3      | 1693 ||| FLEEEEING.
  1706 | D:3      | Killed Sigmund
  1707 | D:3      | Reached skill level 9 in Ranged Weapons
  1707 | D:3      | Reached XP level 5. HP: 24/29 MP: 7/7
  1995 | D:3      | 1995 ||| UPGRADING to +0 ring mail.
  2005 | D:3      | 2005 ||| DROPPING +0 leather armour.
  2006 | D:3      | 2006 ||| READING scroll labelled MUMAMACVIA.
  2007 | D:3      | 2007 ||| READING scroll labelled AHAHOI OTIDAL.
  2008 | D:3      | 2008 ||| READING scroll labelled VYWNUE XEDIFU.
  2109 | D:3      | 2109 ||| READING scroll labelled UPSOPER JUXKYH.
  2110 | D:3      | 2110 ||| DRINKING 2 sedimented black potions.
  2169 | D:4      | Reached XP level 6. HP: 33/35 MP: 8/8
  2323 | D:4      | Noticed Ijyb
  2325 | D:4      | 2325 ||| Stepping ~*~*~tactically~*~*~ (outnumbered).
  2339 | D:4      | Killed Ijyb
  2574 | D:4      | 2574 ||| FLEEEEING.
  2631 | D:4      | 2631 ||| Stepping ~*~*~tactically~*~*~ (outnumbered).
  2694 | D:4      | Reached skill level 10 in Ranged Weapons
  2787 | D:4      | Reached skill level 3 in Dodging
  2939 | D:4      | 2939 ||| READING 2 scrolls labelled DEWIRRU MUICKI.
  2940 | D:4      | 2940 ||| READING scroll labelled ELOKIN VISSOI.
  2941 | D:4      | 2941 ||| READING scroll labelled ESUSIS ZYIGG.
  2942 | D:4      | 2942 ||| READING scroll labelled KACYCRO QIAN.
  2943 | D:4      | 2943 ||| READING 2 scrolls labelled JUONUN XAZEMM.
  2944 | D:4      | 2944 ||| DRINKING 4 black potions.
  2949 | D:4      | 2949 ||| DRINKING 4 potions of curing.
  2949 | D:4      | 2949 ||| (to cure poison)
  2950 | D:4      | Engulfed by a cloud of poison gas

Levels and vault maps discovered:
D:1:      dpeg_arrival_more_subterranean_lakeside_camping, layout_basic,
          hellmonk_ecumenical_altar_pennies_from_heaven, minmay_tromino_v4_a
D:2:      layout_rooms, basic_altar, dk_noncrumbling_2
D:3:      layout_basic, lemuel_doored_altar, uniq_sigmund
D:4:      kennysheep_goblin_castle, layout_basic

Skill      XL: |  1  2  3  4  5  6 |
---------------+-------------------+-----
Ranged Weapons | 6 7 9 10 | 10.2
Fighting       | 2 |  2.0
Dodging        | 3 |  3.3
Stealth        | |  1.2

Action                     |  1- 3 |  4- 6 || total
---------------------------+-------+-------++-------
   Fire: Shortbow          |   151 |   133 ||   284
    Use: Scroll            |     3 |     9 ||    12
         Potion            |     2 |     3 ||     5
 Armour: Leather armour    |    19 |       ||    19
         Ring mail         |       |     7 ||     7
  Dodge: Dodged            |    61 |    43 ||   104

Table legend:
 A = Non-vault XP
 B = Vault XP
 C = Vault XP percentage of total XP
 D = Non-vault monster count
 E = Vault monster count
 F = Vault count percentage of total count
                 A         B        C        D         E       F
            +---------+---------+-------+---------+---------+-------
      Total |     372 |     289 |  43.7 |      75 |      17 |  18.5
            +---------+---------+-------+---------+---------+-------
        D:1 |      36 |       6 |  14.3 |      24 |       4 |  14.3
        D:2 |      52 |       0 |   0.0 |      23 |       0 |   0.0
        D:3 |      20 |     226 |  91.9 |      10 |       1 |   9.1
        D:4 |     264 |      57 |  17.8 |      18 |      12 |  40.0
            +---------+---------+-------+---------+---------+-------
